AoeStats
← 肥羊

Arena

510091185Analyzed
4v4 RM · 2d ago on Sep 29, 2026· 46m 15s· 8 players
Game mode
Random Map
Map size
Large (8 player)
Population
200
Speed
Normal
Resources
Standard
Victory
Conquest
Starting age
Dark Age
Ending age
Imperial Age
RankedLock teamsTeams togetherTeam positionsShared explorationLock speedFull tech treeHidden civsTurbo modeCheats
Victory
Defeat
🇹🇼 Teutons · Taiwan
1226
+17
🇨🇳 Spanish · China
1208
+18
🇦🇷 Poles · Argentina
1203
+18
🇨🇳 Varangians · China
1184
+18
🇨🇳 Vikings · China
1372
-24
🇳🇱 Franks · Netherlands
1251
-18
🇩🇪 Koreans · Germany
1182
-15
🇨🇳 Bohemians · China
1162
-14
plesae963
4:14 Loom
9:51 Feudal Age
11:16 Double-Bit Axe
18:29 Fletching
22:29 Castle Age
26:51 Bodkin Arrow
26:24 Crossbowman
34:54 Imperial Age
32:07 Elite Skirmisher
34:19 Wheelbarrow
35:24 Hand Cart
39:05 Padded Archer Armor
40:36 Onager
41:41 Leather Archer Armor
41:29 Gold Mining
44:03 Horse Collar
46:37 Conscription
咸鱼
11:16 Feudal Age
15:04 Castle Age
13:47 Horse Collar
14:49 Double-Bit Axe
19:25 Bow Saw
19:06 Loom
23:13 Heavy Plow
25:34 Wheelbarrow
24:52 Gold Mining
24:54 Stone Mining
27:27 Hand Cart
29:56 Imperial Age
28:34 Stone Shaft Mining
28:17 Forging
29:15 Ballistics
28:36 Treadmill Crane
29:25 Scale Barding Armor
29:43 Husbandry
29:54 Bloodlines
29:31 Vendel Legacy
30:57 Iron Casting
31:33 Conscription
31:12 Town Watch
31:49 Chain Barding Armor
31:16 Elite Jarl
33:25 Two-Man Saw
33:03 Crop Rotation
32:53 Light Cavalry
35:14 Fletching
36:57 Blast Furnace
37:29 Gothikon
38:07 Gothikon
38:31 Cavalier
40:00 Plate Barding Armor
41:50 Siege Engineers
42:59 Town Patrol
44:45 Masonry
肥羊
9:00 Loom
11:47 Feudal Age
15:32 Castle Age
14:08 Horse Collar
14:25 Double-Bit Axe
16:39 Bow Saw
22:48 Heavy Plow
24:30 Arson
24:45 Stone Mining
29:42 Imperial Age
28:09 Forging
28:00 Scale Mail Armor
28:01 Gold Mining
31:51 Conscription
34:31 Husbandry
34:39 Szlachta Privileges
34:36 Light Cavalry
35:29 Bloodlines
35:12 Cavalier
37:26 Scale Barding Armor
40:14 Iron Casting
40:00 Chain Barding Armor
42:12 Wheelbarrow
42:27 Stone Shaft Mining
41:35 Elite Obuch
45:16 Blast Furnace
44:32 Chain Mail Armor
44:54 Crop Rotation
44:41 Squires
46:08 Hand Cart
46:29 Town Watch
我很牛逼
10:42 Feudal Age
10:37 Loom
15:38 Castle Age
13:37 Double-Bit Axe
13:54 Horse Collar
25:10 Wheelbarrow
31:17 Scale Barding Armor
31:22 Forging
31:18 Scale Barding Armor
31:23 Forging
33:54 Hand Cart
36:35 Imperial Age
34:50 Bow Saw
34:42 Heavy Plow
35:12 Chain Barding Armor
35:28 Iron Casting
35:13 Chain Barding Armor
35:28 Iron Casting
35:13 Chain Barding Armor
35:28 Iron Casting
36:30 Husbandry
36:40 Bloodlines
37:32 Iron Casting
36:45 Cavalier
37:48 Conscription
37:49 Supremacy
38:13 Plate Barding Armor
39:30 Blast Furnace
38:15 Paladin
39:13 Gold Mining
39:17 Stone Mining
42:03 Light Cavalry
43:03 Hussar
事后诸葛亮
0:26 Loom
10:59 Feudal Age
15:29 Castle Age
14:42 Double-Bit Axe
14:39 Horse Collar
16:18 Wheelbarrow
17:39 Fervor
27:19 Hand Cart
29:45 Imperial Age
28:44 Wagenburg Tactics
30:02 Chemistry
29:32 Bow Saw
29:24 Heavy Plow
33:02 Conscription
35:03 Houfnice
39:53 Pikeman
40:33 Squires
40:19 Arson
42:38 Scale Mail Armor
Joossie
10:43 Feudal Age
14:21 Castle Age
12:15 Double-Bit Axe
18:41 Bow Saw
20:42 Wheelbarrow
20:22 Loom
21:12 Gold Mining
21:13 Stone Mining
22:27 Town Watch
23:37 Hand Cart
23:21 Fletching
27:41 Bodkin Arrow
31:56 Imperial Age
31:00 Forging
32:47 Iron Casting
34:14 Conscription
34:45 Scale Barding Armor
35:40 Blast Furnace
35:04 Chivalry
35:48 Chain Barding Armor
35:22 Cavalier
36:02 Husbandry
36:50 Conscription
37:33 Padded Archer Armor
40:14 Plate Barding Armor
40:25 Ordonnance Companies
41:27 Leather Archer Armor
41:10 Elite Skirmisher
41:12 Heavy Mounted Crossbowman
41:20 Cranequins
42:38 Ballistics
44:33 Chemistry
pini
10:59 Feudal Age
9:22 Loom
11:08 Feudal Age
12:04 Man-at-Arms
12:52 Double-Bit Axe
14:13 Fletching
14:34 Forging
14:46 Scale Mail Armor
18:02 Horse Collar
23:42 Castle Age
23:03 Wheelbarrow
25:17 Fletching
27:45 Hand Cart
28:58 Bow Saw
28:41 Long Swordsman
29:55 Heavy Plow
31:26 Town Watch
32:14 Arson
33:54 Iron Casting
37:34 Gold Mining
37:37 Stone Mining
37:52 Squires
37:38 Arson
38:09 Chain Mail Armor
38:19 Town Patrol
38:47 Eupseong
42:56 Imperial Age
41:07 Scale Barding Armor
41:03 Light Cavalry
41:44 Husbandry
42:10 Chain Barding Armor
42:41 Gold Shaft Mining
43:11 Cavalier
45:14 Conscription
46:49 Plate Mail Armor
_LY_purplered
10:47 Feudal Age
14:53 Castle Age
13:04 Double-Bit Axe
13:05 Horse Collar
16:17 Bow Saw
16:07 Heavy Plow
18:55 Town Watch
21:15 Gold Mining
22:39 Loom
25:03 Gold Shaft Mining
28:23 Imperial Age
25:24 Elite Skirmisher
26:43 Padded Archer Armor
26:34 Fletching
26:47 Padded Archer Armor
29:15 Bodkin Arrow
29:35 Leather Archer Armor
28:59 Capped Ram
30:03 Bracer
30:47 Squires
31:40 Ring Archer Armor
33:50 Ballistics
34:30 Chemistry
34:41 Elite Varangian Guard
35:24 Scale Mail Armor
35:34 Forging
37:52 Chain Mail Armor
38:12 Iron Casting
38:05 Conscription
37:50 Bogsveigar
40:23 Coinage
41:04 Plate Mail Armor
41:34 Blast Furnace
41:29 Banking
41:44 Chieftains
Connection lost

Rejoining the realm…

Still unreachable

The connection could not be restored.

Session expired

The server has moved on; the page needs a fresh start.